 Dungeon Crawl Stone Soup version 0.27.1-34-g3ba077fa99 (webtiles) character file.

Game seed: 13976304364291800976

121 Karpo the Digger (level 5, 0/28 HPs)
             Began as a Gargoyle Earth Elementalist on Jan 19, 2022.
             Slain by an orc (7 damage)
             ... on level 3 of the Dungeon.
             The game lasted 00:07:00 (3120 turns).

Karpo the Digger (Gargoyle Earth Elementalist)      Turns: 3120, Time: 00:07:01

Health: 0/28       AC:  6    Str: 12    XL:     5   Next: 5%
Magic:  10/10      EV: 11    Int: 16    God:
Gold:   133        SH:  0    Dex: 10    Spells: 7/11 levels left

rFire    . . .     SeeInvis .   h - +1 falchion (holy)
rCold    . . .     Faith    .   (no shield)
rNeg     + . .     Spirit   .   b - +0 robe
rPois    ∞         Reflect  .   (no helmet)
rElec    +         Harm     .   (no cloak)
rCorr    .         Rampage  .   (no gloves)
Will     .....                  (no boots)
Stlth    ++........             (no amulet)
HPRegen  0.09/turn              (no ring)
MPRegen  0.12/turn              (no ring)

@: no status effects
A: sickness immunity, AC +4, negative energy resistance 1, electricity
resistance, torment resistance 1, petrification resistance
a: no special abilities


You were on level 3 of the Dungeon.
You visited 1 branch of the dungeon, and saw 4 of its levels.

You collected 133 gold pieces.

Inventory:

Hand Weapons
 a - a +0 club
 e - a +0 dagger
 f - a +0 short sword
 h - a +1 falchion of holy wrath (weapon)
 i - a +0 whip
 j - a +0 short sword of speed
 n - a +0 bardiche
 o - a +1 flail of holy wrath
 p - a +0 quarterstaff
 q - a +0 hand axe
Missiles
 c - 73 stones
Armour
 b - a +0 robe (worn)
Scrolls
 g - a scroll of holy word {unknown}
 k - 5 scrolls of identify {unknown}
 l - a scroll of blinking {unknown}
 m - a scroll of silence {unknown}
Potions
 d - a potion of magic {unknown}
 r - a potion of lignification {unknown}


   Skills:
 - Level 1.5 Dodging
 - Level 2.1 Stealth
 + Level 3.5 Spellcasting
 - Level 0.7 Transmutations
 + Level 5.3 Earth Magic


You had 7 spell levels left.
You knew the following spells:

 Your Spells              Type           Power      Damage    Failure   Level
a - Sandblast             Erth           40%        2d10      1%          1
b - Stone Arrow           Conj/Erth      22%        3d8       17%         3

Your spell library contained the following spells:

 Spells                   Type           Power      Damage    Failure   Level
 Passwall                 Tmut/Erth      10%        N/A       8%          2
 Slow                     Hex            2%         N/A       26%         2
 Petrify                  Tmut/Erth      12%        N/A       45%         4
 Confusing Touch          Hex            2%         N/A       47%         3
 Vampiric Draining        Necr           1%         2d6       47%         3


Dungeon Overview and Level Annotations

Branches:
Dungeon (4/15)
 Temple: D:4-7

Altars:

Shops:
D:2 =


Innate Abilities, Weirdness & Mutations

You are immune to sickness and miasma.
Your stone body is resilient. (AC +4)
You are immune to poison.
You resist negative energy. (rN+)
You are resistant to electric shocks. (rElec)
You are resistant to unholy torment.
You are immune to petrification.


Message History

You slash the rat!
You kill the rat!
You barely miss the orc. The orc completely misses you.
The orc barely misses you. x2
You hit the orc but do no damage. The orc hits you but does no damage.
The orc hits you with a +0 flail. The orc closely misses you.
The orc misses you.
You hit the orc.
The orc is moderately wounded.
The orc hits you with a +0 flail. x2; The orc hits you but does no damage.
You closely miss the orc.
The orc is moderately wounded.
The orc closely misses you.
You riposte.
You hit the orc.
The orc is almost dead.
The orc barely misses you. The orc hits you but does no damage. x2
You closely miss the orc.
The orc is moderately wounded.
The orc closely misses you.
You riposte.
You hit the orc.
The orc is heavily wounded.
The orc closely misses you.
You riposte.
You barely miss the orc. The orc hits you but does no damage.
The orc barely misses you.
You closely miss the orc.
The orc is almost dead.
The orc hits you but does no damage. The orc misses you.
The orc hits you with a +0 flail. The orc hits you but does no damage.
You slash the orc!
You kill the orc!
The orc hits you but does no damage. x2
The orc barely misses you.
Things that are here:
a +0 flail; a +0 leather armour The orc hits you with a +0 flail.
The orc hits you with a +0 club. The orc hits you but does no damage.
The orc hits you with a +0 flail.
* * * LOW HITPOINT WARNING * * *
You can't go up here!
There is a stone staircase leading up here.
The orc hits you with a +0 flail!
You die...

#.. #..[#..#.#>.##.. #.###...#
#.#..##.##############
#<......#....#..##.#.............
##...†.....###..##..........#####
................##.......#<.#....
................##.#####....#.###
############...oo......#....#.#
#.#.#o#.###.#....#.#
#.#.#@....#.###..#.#
#.#.......#.# #..#.###
#.####....#.# #.......
#.#.......#.###..#.###
#.#.......#......#.... ###
#.#.##..##############
.....#'#....>..............
.........................###
.........................#


You could see 3 orcs.

Vanquished Creatures
  A jelly (D:3)
  2 adders (D:2)
  A worm (D:3)
  2 dart slugs (D:1)
  5 orcs
  3 ball pythons
  6 endoplasms
  A giant cockroach (D:2)
  8 goblins
  6 hobgoblins
  2 jackals (D:1)
  2 quokkas (D:2)
  2 bats
  2 frilled lizards (D:1)
  7 kobolds
  7 rats
57 creatures vanquished.

Notes
Turn   | Place    | Note
-------+----------+-------------------------------------------
     0 | D:1      | Karpo the Gargoyle Earth Elementalist began the quest for
                  | the Orb.
     0 | D:1      | Reached XP level 1. HP: 10/10 MP: 3/3
   254 | D:1      | Reached XP level 2. HP: 12/15 MP: 3/5
   447 | D:1      | Reached skill level 4 in Earth Magic
   775 | D:1      | Reached XP level 3. HP: 19/19 MP: 6/6
   779 | D:1      | Learned a level 3 spell: Stone Arrow
  1014 | D:1      | Found a faded altar of an unknown god.
  1698 | D:2      | You fall into a shaft and drop 1 floor!
  2031 | D:2      | Reached XP level 4. HP: 11/24 MP: 5/8
  2452 | D:2      | Reached skill level 5 in Earth Magic
  2609 | D:2      | Found Afylun's Jewellery Emporium.
  2883 | D:3      | Reached XP level 5. HP: 26/28 MP: 10/10
  3120 | D:3      | Slain by an orc

Illustrated notes

Levels and vault maps discovered:
D:1:      lightli_iron_boxes, layout_basic, ebering_ecumenical_altar_hall,
          minmay_box_of_dots
D:2:      layout_loops_ring, serial_shops, shop, minmay_ruptured
D:3:      layout_basic
D:4:      layout_loops_corners, nicolae_shop_overcharged_wands

Skill      XL: |  1  2  3  4 |
---------------+-------------+-----
Earth Magic    | 4 5 |  5.3
Spellcasting   | 3 |  3.5
Dodging        | |  1.5
Stealth        | |  2.1
Transmutations | |  0.7

Action                   |  1- 3 |  4- 6 || total
-------------------------+-------+-------++-------
Melee: Club              |     6 |       ||     6
       Short sword       |    62 |       ||    62
       Falchion          |    29 |    32 ||    61
       Flail             |       |    13 ||    13
 Cast: Sandblast         |    18 |     3 ||    21
 Stab: Sleeping          |     1 |     2 ||     3
Armor: Robe              |    25 |    30 ||    55
Dodge: Dodged            |    45 |    27 ||    72
       Rpst.: Falchion   |     5 |     4 ||     9
